 Dungeon Crawl Stone Soup version 0.20.0-15-g7f486f2 (webtiles) character file.

8929 dobroeutro the Cleaver (level 11, -4/78 HPs)
             Began as a Demonspawn Fighter on June 12, 2017.
             Was a High Priest of Okawaru.
             Slain by a minotaur (12 damage)
             ... in a labyrinth.
             The game lasted 00:27:03 (10850 turns).

dobroeutro the Cleaver (Demonspawn Fighter)        Turns: 10850, Time: 00:27:03

Health: -4/78      AC: 28    Str: 24    XL:     11   Next: 16%
Magic:  0/11       EV: 14    Int:  8    God:    Okawaru [*****.]
Gold:   452        SH: 10    Dex: 11    Spells: 10/10 levels left

rFire    + . .     SeeInvis +   g - +0 flail (protect)
rCold    + . .     Gourm    .   c - +0 shield
rNeg     . . .     Faith    .   L - +1 chain mail {rC+}
rPois    .         Spirit   +   (helmet unavailable)
rElec    .         Reflect  .   J - +1 cloak {MR+}
rCorr    .         Harm     .   j - +1 pair of gloves
MR       +....     Rnd*Rage +   (no boots)
Stlth    ..........             o - amulet of guardian spirit
Regen    0.3/turn               t - +5 ring of protection
MPRegen  0.2/turn               y - +5 ring of evasion

@: mighty, protection aura
A: antennae 3, berserk 1, clumsy 1, demonic guardian 1, dopey 1, fire resistance
1, frail 1, powered by pain 2
a: Heroism, Finesse, Renounce Religion


You were in a labyrinth.
You worshipped Okawaru.
Okawaru was extremely pleased with you.
You were hungry.

You visited 1 branch of the dungeon, and saw 11 of its levels.
You also visited: Labyrinth.

You collected 452 gold pieces.

Inventory:

Hand Weapons
 a - a +1 war axe
 g - a +0 flail of protection (weapon)
 D - a +2 whip of flaming
Armour
 c - a +0 shield (worn)
 j - a +1 pair of gloves (worn)
 J - a +1 cloak of magic resistance (worn)
 L - a +1 chain mail of cold resistance (worn)
Jewellery
 h - an uncursed amulet of rage
 o - an amulet of guardian spirit (around neck)
 t - a +5 ring of protection (left hand)
 y - a +5 ring of evasion (right hand)
 B - a +2 ring of evasion
Wands
 b - a wand of disintegration (8/24)
 l - a wand of scattershot (4/9)
 C - a wand of random effects (17/48)
 F - a wand of iceblast (4/15)
Scrolls
 i - 3 scrolls of recharging
 k - 7 scrolls of remove curse
 r - a scroll of teleportation
 s - 4 scrolls of enchant armour
 v - 2 scrolls of immolation
 x - 2 scrolls of identify
 z - 5 scrolls of magic mapping
 E - a scroll of blinking
Potions
 e - 2 potions of mutation {unknown}
 m - 2 potions of agility {unknown}
 n - 2 potions of flight {unknown}
 q - 5 potions of curing
 u - a potion of ambrosia {unknown}
 G - a potion of lignification {unknown}
 K - a potion of berserk rage {unknown}
Comestibles
 f - 8 bread rations
 p - 5 meat rations
 w - 11 fruits
 A - 6 royal jellies


   Skills:
 + Level 8.5 Fighting
 + Level 9.1 Axes
 - Level 1.0(5.7) Maces & Flails
 + Level 7.9 Armour
 + Level 7.2 Dodging
 - Level 5.0 Shields


You had 10 spell levels left.
You didn't know any spells.

Dungeon Overview and Level Annotations

Branches:
Dungeon (11/15)            Temple (0/1) D:4            Lair (0/6) D:11
    Orc: D:9-12

Altars:
Ashenzari
Cheibriados
Dithmenos
Elyvilon
Fedhas
Hepliaklqana
Kikubaaqudgha
Okawaru
Qazlal
Sif Muna
Yredelemnul
Zin

Shops:
D:5 !

Annotations:
D:4 exclusion: oklob sapling
D:7 Psyche
D:10 exclusion: sensed monster (detected)
Abyss:1 Eustachio, Sigmund


Innate Abilities, Weirdness & Mutations

You have a pair of large antennae on your head. (SInv)
A weak demonic guardian rushes to your aid.
You sometimes gain power by taking damage.
You tend to lose your temper in combat.
You are clumsy. (Dex -2)
You are dopey. (Int -2)
Your flesh is heat resistant. (rF+)
You are frail. (-10% HP)


Message History

The minotaur is moderately wounded.
The minotaur misses you.
The minotaur gores you but does no damage.
You thump the minotaur!
The minotaur is heavily wounded.
The minotaur hits you!
* * * LOW HITPOINT WARNING * * *
You block the minotaur's attack.
You sock the minotaur!
The minotaur is severely wounded.
The minotaur hits you!
* * * LOW HITPOINT WARNING * * *
The minotaur gores you.
* * * LOW HITPOINT WARNING * * *
You closely miss the minotaur.
The minotaur furiously retaliates!
The minotaur headbutts you, but does no damage.
The minotaur is severely wounded.
You feel like a meek peon again. The minotaur hits you!
You die...

#.. # # #
#.. . #.#.#
## .#
###.#.# { #
.#...#...#
+## # # .
.#. #.#.#
⌠.# .. . ...
#.5.###<...#
# ###.#
#@H.'...⌠ .
# #...#
#.###.⌠.. #
# .#.#####.#
+### #. #
... #.# . ##
# #.#.# ## #
#.#.. .#
...... # #.
# #######..#
# #. . . . .
# .


You could see a minotaur and a friendly shadow imp.

Vanquished Creatures
  Pikel (D:5)
  Maurice (D:8)
  Joseph (D:9)
  A troll (D:9)
  Grinder (D:4)
  2 hippogriffs
  A wyvern (D:10)
  6 yaks (D:9)
  3 hogs (D:7)
  A human (D:7)
  3 sky beasts
  A hornet zombie (D:6)
  4 orc warriors
  A necrophage (D:7)
  The ghost of septik the Chopper, an amateur MiBe of Trog (D:3)
  An ice beast (D:5)
  4 ogres
  2 phantoms (D:6)
  A crocodile (D:7)
  5 centaurs
  3 bullfrogs
  2 scorpions
  7 killer bees
  3 wights (D:9)
  2 howler monkeys (D:4)
  2 electric eels (D:10)
  10 crimson imps
  4 hounds
  5 orc priests
  A quasit (D:9)
  9 orc wizards
  8 worker ants
  3 iguanas
  A worker ant zombie (D:10)
  4 gnolls
  5 adders
  2 shadow imps (D:7)
  2 worms (D:4)
  2 dart slugs
  7 leopard geckos
  29 orcs
  4 bats
  7 giant cockroaches
  2 goblins
  8 hobgoblins
  7 jackals
  5 quokkas
  2 ball pythons
  3 frilled lizards
  13 kobolds
  A leopard gecko zombie (D:6)
  2 quokka skeletons
  6 rats
212 creatures vanquished.

Vanquished Creatures (collateral kills)
  Gastronok (D:9)
  A hog (D:7)
  A hornet zombie (D:7)
  A slave (D:5)
  An ogre (D:7)
  2 howler monkeys
  2 crimson imps (D:7)
  A hound (D:7)
  A centaur skeleton (D:9)
  An adder (D:7)
  4 orcs
16 creatures vanquished.

Vanquished Creatures (others)
  A slave (D:5)
  2 orc wizards (D:5)
  A dart slug (D:4)
  An orc (D:10)
  A goblin (D:3)
6 creatures vanquished.

Grand Total: 234 creatures vanquished

Notes
Turn   | Place    | Note
-------+----------+-------------------------------------------
     0 | D:1      | dobroeutro the Demonspawn Fighter began the quest for the Orb.
     0 | D:1      | Reached XP level 1. HP: 18/18 MP: 1/1
    78 | D:1      | Reached skill level 2 in Axes
   194 | D:1      | Gained mutation: You have a pair of small antennae on your head. [demonic ancestry]
   194 | D:1      | Reached XP level 2. HP: 16/24 MP: 2/2
   735 | D:1      | Reached skill level 3 in Axes
   844 | D:2      | Gained mutation: You have a pair of antennae on your head. [demonic ancestry]
   844 | D:2      | Reached XP level 3. HP: 27/29 MP: 3/3
  1078 | D:2      | Reached XP level 4. HP: 33/35 MP: 4/4
  1097 | D:2      | Reached skill level 1 in Maces & Flails
  1384 | D:2      | Found a deep blue altar of Sif Muna.
  1642 | D:3      | Reached skill level 4 in Axes
  1656 | D:3      | Found a hazy altar of Hepliaklqana.
  1798 | D:3      | Found an iron altar of Okawaru.
  1817 | D:3      | Became a worshipper of Warmaster Okawaru
  1838 | D:3      | Found a basalt altar of Yredelemnul.
  1838 | D:3      | Found a stormy altar of Qazlal.
  1862 | D:3      | Gained mutation: A weak demonic guardian rushes to your aid. [demonic ancestry]
  1862 | D:3      | Reached XP level 5. HP: 41/41 MP: 5/5
  2084 | D:3      | Noticed septik's ghost (amateur MiBe)
  2095 | D:3      | Killed septik's ghost
  2095 | D:3      | Reached skill level 5 in Axes
  2332 | D:4      | Found a staircase to the Ecumenical Temple.
  2349 | D:4      | Reached XP level 6. HP: 47/47 MP: 6/6
  2400 | D:4      | Reached skill level 1 in Dodging
  2446 | D:4      | Noticed Grinder
  2450 | D:4      | Killed Grinder
  2450 | D:4      | Reached * piety under Okawaru
  2637 | D:4      | Gained mutation: You have a pair of large antennae on your head. (SInv) [demonic ancestry]
  2637 | D:4      | Reached XP level 7. HP: 50/52 MP: 7/7
  2742 | D:4      | Found a blossoming altar of Fedhas.
  2890 | D:4      | Noticed Sigmund
  2930 | D:4      | Banished Sigmund
  3213 | D:4      | Reached skill level 6 in Axes
  3460 | D:5      | Entered Level 5 of the Dungeon
  3515 | D:5      | Noticed Eustachio
  3521 | D:5      | Banished Eustachio
  3551 | D:5      | Found a snail-covered altar of Cheibriados.
  3593 | D:5      | Reached ** piety under Okawaru
  3593 | D:5      | Gained mutation: You sometimes gain a little power by taking damage. [demonic ancestry]
  3593 | D:5      | Reached XP level 8. HP: 61/61 MP: 8/8
  3709 | D:5      | Noticed Pikel
  3761 | D:5      | Killed Pikel
  3761 | D:5      | Reached skill level 5 in Fighting
  4048 | D:5      | Found Toenan's Distillery.
  4381 | D:6      | Reached *** piety under Okawaru
  4399 | D:6      | Reached skill level 5 in Armour
  4399 | D:6      | Reached XP level 9. HP: 66/68 MP: 7/9
  4647 | D:7      | Reached skill level 5 in Shields
  4709 | D:7      | Reached skill level 7 in Axes
  4846 | D:7      | Reached **** piety under Okawaru
  5189 | D:7      | Reached skill level 5 in Dodging
  5469 | D:7      | Received a gift from Okawaru
  5571 | D:8      | Noticed Psyche
  5770 | D:8      | Reached ***** piety under Okawaru
  5770 | D:8      | Gained mutation: You sometimes gain power by taking damage. [demonic ancestry]
  5770 | D:8      | Reached XP level 10. HP: 71/77 MP: 8/10
  5775 | D:8      | Gained mutation: You tend to lose your temper in combat. [mutagenic meat]
  5776 | D:8      | Gained mutation: You are clumsy. (Dex -2) [mutagenic meat]
  5777 | D:8      | Gained mutation: Your flesh is heat resistant. (rF+) [mutagenic meat]
  5778 | D:8      | Gained mutation: You are frail. (-10% HP) [mutagenic meat]
  5783 | D:8      | Found a shadowy altar of Dithmenos.
  5834 | D:8      | Gained mutation: You are dopey. (Int -2) [mutagenic meat]
  5858 | D:8      | Reached skill level 8 in Axes
  6267 | D:8      | Noticed Maurice
  6307 | D:8      | Killed Maurice
  6432 | D:9      | Found an ancient bone altar of Kikubaaqudgha.
  6434 | D:9      | Found a blossoming altar of Fedhas.
  6437 | D:9      | Found a white marble altar of Elyvilon.
  6451 | D:9      | Noticed Gastronok
  6480 | D:9      | Killed Gastronok
  7424 | D:9      | Noticed Joseph
  7439 | D:9      | Killed Joseph
  7439 | D:9      | Reached XP level 11. HP: 62/77 MP: 9/11
  7447 | D:9      | Found a glowing silver altar of Zin.
  7541 | D:9      | Found an iron altar of Okawaru.
  7541 | D:9      | Found a shattered altar of Ashenzari.
  7729 | D:10     | Entered Level 10 of the Dungeon
  8641 | D:9      | Reached skill level 9 in Axes
  9660 | D:10     | Noticed a four-headed hydra
  9662 | D:10     | Noticed a two-headed ogre
  9730 | D:11     | Found a labyrinth entrance.
  9737 | Lab      | Entered a labyrinth
 10827 | Lab      | Noticed a minotaur
 10850 | Lab      | Slain by a minotaur

Skill      XL: |  1  2  3  4  5  6  7  8  9 10 11 |
---------------+----------------------------------+-----
Axes           | 2 3 4 5 6 7 8 9 |  9.1
Maces & Flails | 1 |  1.0
Dodging        | 1 2 4 5 6 7 |  7.2
Armour         | 3 5 6 7 |  7.9
Shields        | 3 4 5 |  5.0
Fighting       | 4 5 6 8 |  8.5

Action                   |  1- 3 |  4- 6 |  7- 9 | 10-12 || total
-------------------------+-------+-------+-------+-------++-------
Melee: War axe           |    42 |       |       |    33 ||    75
       Whip              |    19 |   127 |   518 |   467 ||  1131
       Flail             |       |       |       |   107 ||   107
Invok: Heroism           |       |       |       |     4 ||     4
  Use: Scroll            |       |     8 |       |     7 ||    15
       Potion            |       |       |       |     2 ||     2
 Stab: Distracted        |       |       |     2 |     2 ||     4
  Eat: Chunk             |       |     4 |    12 |    15 ||    31
       Bread ration      |       |       |       |     2 ||     2
Armor: Scale mail        |    28 |    48 |   120 |   148 ||   344
       Chain mail        |       |       |       |    41 ||    41
Dodge: Dodged            |    10 |    40 |   219 |   364 ||   633
Block: Shield            |    25 |    46 |   184 |   302 ||   557
